 Dungeon Sprint DCSS version 0.21.0-24-g2553a33 (webtiles) character file.

13633 wojtek the Severer (level 11, -23/171 HPs)
             Began as a Minotaur Berserker on Jan 19, 2018.
             Was the Champion of Trog.
             Annihilated by an azure jelly (44 damage)
             ... in the Dungeon (Sprint III: "The Ten Rune Challenge").
             The game lasted 00:09:51 (2795 turns).

wojtek the Severer (Minotaur Berserker)             Turns: 2795, Time: 00:09:51

Health: -23/171    AC: 23    Str: 29    XL:     11   Next: 78%
Magic:  20/20      EV: 14    Int:  9    God:    Trog [******]
Gold:   3673       SH:  0    Dex:  9    Spells: 10/10 levels left

rFire    + . .     SeeInvis .   b - +9 battleaxe of Exquisite Death {chop, rElec rF+ Dex-2}
rCold    . . .     Gourm    .   (shield currently unavailable)
rNeg     . . .     Faith    .   w - +0 plate armour
rPois    .         Spirit   .   C - +3 hat of Pondering {ponderous, MR+ MP+10 Int+5}
rElec    +         Reflect  .   l - +0 cloak (curse)
rCorr    .         Harm     .   (no gloves)
MR       +....     NoTele   +   k - +0 pair of boots
Stlth    ..........             (no amulet)
HPRegen  0.38/turn              (no ring)
MPRegen  0.17/turn              (no ring)

@: berserking (expiring), very quick
A: retaliatory headbutt, horns 2
a: Berserk, Trog's Hand, Brothers in Arms, Burn Spellbooks, Renounce Religion


You were in the Dungeon.
You worshipped Trog.
Trog was exalted by your worship.
You were very hungry.

You visited 1 branch You collected 3673 gold pieces.

Inventory:

Hand Weapons
 a - a +5 antimagic executioner's axe
 b - the +9 battleaxe of Exquisite Death (weapon) {chop, rElec rF+ Dex-2}
   (Trog gifted it to you in the Dungeon)

   It inflicts extra damage upon your enemies.
   It affects your dexterity (-2).
   It protects you from fire.
   It insulates you from electricity.
 s - a +0 hand axe
 v - a +5 battleaxe of chopping
 x - a +1 antimagic executioner's axe
 y - a +2 antimagic broad axe
 A - a +0 battleaxe of chopping
 B - a +3 antimagic broad axe
Missiles
 u - 6 throwing nets (quivered)
Armour
 k - a +0 pair of boots (worn)
 l - a cursed +0 cloak (worn)
 w - a +0 plate armour (worn)
 C - the +3 hat of Pondering (worn) {ponderous, MR+ MP+10 Int+5}
   (You took it off Gastronok in the Dungeon)

   It affects your intelligence (+5).
   It affects your resistance to hostile enchantments.
   It affects your magic capacity (+10).
Wands
 j - a wand of flame (29)
Scrolls
 i - a scroll of blinking
 m - a scroll of torment {unknown}
 n - a scroll of magic mapping {unknown}
 o - 4 scrolls of remove curse
 p - a scroll of immolation {unknown}
 q - 2 scrolls of identify
Potions
 d - a potion of curing
 e - 5 potions of heal wounds
 f - a potion of haste
 g - 2 potions of magic
 h - 2 potions of berserk rage
 r - 6 potions of mutation
 D - 2 potions of brilliance {unknown}
 E - a potion of degeneration {unknown}
 F - a potion of flight {unknown}
 G - a potion of might
Miscellaneous
 t - a lightning rod (4/4)
Comestibles
 c - 17 rations


   Skills:
 + Level 15.8 Fighting
 * Level 20.8 Axes
 + Level 15.6 Armour
 + Level 14.4 Dodging


You had 10 spell levels left.
You didn't know any spells.

Dungeon Overview and Level Annotations

Branches:
Dungeon (1/1)

Altars:
Cheibriados
Dithmenos
Elyvilon
Fedhas
Gozag
Hepliaklqana
Kikubaaqudgha
Makhleb
Nemelex Xobeh
Okawaru
Qazlal
Ru
Sif Muna
Trog
Uskayaw
Vehumet
Wu Jian
Xom
Yredelemnul
Zin
The Shining One
Beogh
Jiyva
Lugonu

Shops:
D !


Innate Abilities, Weirdness & Mutations

You reflexively headbutt those who attack you in melee.
You have a pair of horns on your head.


Message History

The azure jelly barely misses you. The azure jelly hits you!
The azure jelly freezes you!!!
* * * LOW HITPOINT WARNING * * *
The azure jelly closely misses you.
The azure jelly hits you but does no damage.
You open the azure jelly like a pillowcase!!!
Your headbutt misses the azure jelly.
The azure jelly is heavily wounded.
You hit the plant.
You destroy the plant!
You barely miss the azure jelly. You headbutt the azure jelly.
The azure jelly is severely wounded.
The azure jelly hits you.
* * * LOW HITPOINT WARNING * * *
The azure jelly freezes you!
* * * LOW HITPOINT WARNING * * *
The azure jelly hits you.
* * * LOW HITPOINT WARNING * * *
The azure jelly freezes you!!!
You die...

##..##....#......#)
#..###..##.#..)..#.
#..# #..#####....#_
▓▓▓▓▓▓▓▓▓▓▓▓▓▓▓▓▓▓▓
▓...'≈.§≈§§§≈≈♣♣...
▓..P#≈≈≈§§§§≈≈♣♣.≈≈
▓.P.#≈≈≈§§§≈≈≈≈÷...
▓...#≈≈≈≈≈§≈..♣♣♣♣♣
▓.@)#.≈≈≈≈.≈≈≈♣
▓##J####'#######♣
▓..J.....[......♣
▓#§#############+
▓.J.# ▓...+ ▓...#
▓...# #+###


You could see 2 azure jellies.

Vanquished Creatures
  An azure jelly (D)
  2 dire elephants (D)
  Erolcha (D)
  An orc knight (D)
  A deep elf mage (D)
  An orc sorcerer (D)
  An elephant (D)
  2 spiny frogs (D)
  A rime drake (D)
  A komodo dragon (D)
  A queen bee (D)
  5 blink frogs (D)
  2 redbacks (D)
  A shadow (D)
  3 wandering mushrooms (D)
  A spatial vortex (D)
  A swamp drake (D)
  A necrophage (D)
  5 two-headed ogres (D)
  A water elemental (D)
  26 killer bees (D)
  A jelly (D)
  2 orc priests (D)
  Crazy Yiuf (D)
  2 orc wizards (D)
  A wizard (D)
  Jessica (D)
  A necromancer (D)
  3 humans (D)
  A kobold demonologist (D)
  7 orcs (D)
  3 rats (D)
  2 plants (D)
84 creatures vanquished.

Vanquished Creatures (collateral kills)
  Rupert (D)
  Gastronok (D)
  An orc high priest (D)
  An elephant (D)
  2 orc warriors (D)
  6 killer bees (D)
  2 orcs (D)
14 creatures vanquished.

Vanquished Creatures (others)
  2 draconian scorchers (D)
  3 yaktaurs (D)
  6 hellions (D)
  A plant (D)
12 creatures vanquished.

Grand Total: 110 creatures vanquished

Notes
Turn   | Place    | Note
-------+----------+-------------------------------------------
     0 | D        | wojtek the Minotaur Berserker began the quest for the Orb.
     0 | D        | Reached XP level 1. HP: 19/19 MP: 0/0
    12 | D        | Reached skill level 4 in Axes
    37 | D        | Reached ** piety under Trog
    50 | D        | Noticed Jessica
    54 | D        | Killed Jessica
    54 | D        | Reached skill level 5 in Axes
    54 | D        | Reached XP level 2. HP: 28/28 MP: 1/1
    71 | D        | Killed a yaktaur
    73 | D        | Reached skill level 5 in Fighting
    73 | D        | Reached skill level 6 in Axes
    73 | D        | Reached XP level 3. HP: 36/36 MP: 2/2
    95 | D        | Killed a hellion
    96 | D        | Killed a hellion
    96 | D        | Killed a hellion
   104 | D        | Killed a hellion
   107 | D        | Killed a hellion
   118 | D        | Noticed Crazy Yiuf
   123 | D        | Killed Crazy Yiuf
   123 | D        | Reached *** piety under Trog
   123 | D        | Reached skill level 7 in Axes
   123 | D        | Reached XP level 4. HP: 42/42 MP: 3/3
   181 | D        | Killed a white draconian scorcher
   185 | D        | Killed a white draconian scorcher
   190 | D        | Noticed a water elemental
   193 | D        | Killed a water elemental
   193 | D        | Reached skill level 8 in Axes
   193 | D        | Reached skill level 5 in Armour
   193 | D        | Reached skill level 5 in Dodging
   208 | D        | Killed a hellion
   272 | D        | Found a radiant altar of Vehumet.
   272 | D        | Found a deep blue altar of Sif Muna.
   272 | D        | Found an ancient bone altar of Kikubaaqudgha.
   272 | D        | Noticed a wizard
   275 | D        | Killed a wizard
   275 | D        | Reached XP level 5. HP: 51/51 MP: 4/4
   276 | D        | Reached **** piety under Trog
   276 | D        | Reached skill level 9 in Axes
   312 | D        | Found a glowing silver altar of Zin.
   313 | D        | Found a glowing golden altar of the Shining One.
   313 | D        | Found a white marble altar of Elyvilon.
   313 | D        | Noticed a deep elf mage
   321 | D        | Killed a deep elf mage
   321 | D        | Reached ***** piety under Trog
   321 | D        | Reached skill level 11 in Axes
   321 | D        | Reached XP level 6. HP: 24/63 MP: 5/5
   321 | D        | Reached XP level 7. HP: 27/70 MP: 6/6
   546 | D        | Found a hide-covered altar of Uskayaw.
   546 | D        | Found a roughly hewn altar of Beogh.
   546 | D        | Found an iron altar of Okawaru.
   546 | D        | Found a bloodstained altar of Trog.
   546 | D        | Found an ornate altar of the Wu Jian Council.
   546 | D        | Noticed a human
   546 | D        | Noticed a human
   556 | D        | Killed a human
   556 | D        | Reached skill level 12 in Axes
   564 | D        | Killed a human
   795 | D        | Found a basalt altar of Yredelemnul.
   795 | D        | Found a shadowy altar of Dithmenos.
   795 | D        | Found a sacrificial altar of Ru.
   800 | D        | Reached skill level 10 in Fighting
   800 | D        | Reached skill level 13 in Axes
   858 | D        | Noticed a shadow
   863 | D        | Killed a shadow
   863 | D        | Received a gift from Trog
   863 | D        | Reached XP level 8. HP: 79/79 MP: 7/7
   908 | D        | Found a blossoming altar of Fedhas.
   908 | D        | Found a stormy altar of Qazlal.
   908 | D        | Found a snail-covered altar of Cheibriados.
   908 | D        | Found a burning altar of Makhleb.
   908 | D        | Found a shimmering altar of Xom.
   909 | D        | Found a hazy altar of Hepliaklqana.
   909 | D        | Found an opulent altar of Gozag.
   909 | D        | Found a sparkling altar of Nemelex Xobeh.
   909 | D        | Found a corrupted altar of Lugonu.
   909 | D        | Found a viscous altar of Jiyva.
   911 | D        | Reached skill level 10 in Armour
  1034 | D        | Reached skill level 14 in Axes
  1258 | D        | Noticed a two-headed ogre
  1263 | D        | Killed a two-headed ogre
  1461 | D        | Noticed a two-headed ogre
  1461 | D        | Noticed Erolcha
  1467 | D        | Killed Erolcha
  1467 | D        | Reached ****** piety under Trog
  1467 | D        | Received a gift from Trog
  1467 | D        | Reached skill level 15 in Axes
  1467 | D        | Reached skill level 10 in Dodging
  1467 | D        | Reached XP level 9. HP: 90/90 MP: 2/8
  1469 | D        | Killed a two-headed ogre
  1475 | D        | Got a bloodstained battleaxe {god gift}
  1476 | D        | Identified the +9 battleaxe of Exquisite Death {chop, rElec rF+ Dex-2} (Trog gifted it to you in the Dungeon)
  1559 | D        | Reached skill level 16 in Axes
  1562 | D        | Noticed an orc sorcerer
  1564 | D        | Killed an orc sorcerer
  1568 | D        | Noticed an orc knight
  1570 | D        | Received a gift from Trog
  1573 | D        | Killed an orc knight
  1584 | D        | Noticed an orc high priest
  1591 | D        | Found Mynkahu's Distillery.
  1595 | D        | Killed an orc high priest
  1595 | D        | Reached skill level 17 in Axes
  1595 | D        | Reached XP level 10. HP: 17/100 MP: 9/9
  1922 | D        | Received a gift from Trog
  2039 | D        | Received a gift from Trog
  2054 | D        | Received a gift from Trog
  2063 | D        | Received a gift from Trog
  2066 | D        | Reached skill level 18 in Axes
  2233 | D        | Received a gift from Trog
  2305 | D        | Noticed a spiny frog
  2305 | D        | Noticed a spiny frog
  2309 | D        | Killed a spiny frog
  2313 | D        | Killed a spiny frog
  2409 | D        | Reached skill level 19 in Axes
  2409 | D        | Reached XP level 11. HP: 110/111 MP: 10/10
  2427 | D        | Received a gift from Trog
  2490 | D        | Noticed Rupert
  2496 | D        | Killed Rupert
  2512 | D        | Noticed a dire elephant
  2521 | D        | Noticed Gastronok
  2521 | D        | Killed a dire elephant
  2521 | D        | Reached skill level 15 in Fighting
  2521 | D        | Reached skill level 20 in Axes
  2524 | D        | Killed Gastronok
  2524 | D        | Reached skill level 15 in Armour
  2527 | D        | Noticed a dire elephant
  2527 | D        | Noticed an azure jelly
  2527 | D        | Noticed an azure jelly
  2527 | D        | Noticed an azure jelly
  2527 | D        | Noticed an azure jelly
  2540 | D        | Killed a dire elephant
  2542 | D        | Received a gift from Trog
  2789 | D        | Killed an azure jelly
  2795 | D        | Annihilated by an azure jelly

Skill      XL: |  1  2  3  4  5  6  7  8  9 10 11 |
---------------+----------------------------------+-----
Axes           | 5 6 7 8 11 13 15 17 19 20 | 20.8
Fighting       | 4 5 6 9 10 11 12 14 15 | 15.8
Armour         | 3 4 6 8 9 11 12 14 15 | 15.6
Dodging        | 3 4 5 7 9 10 11 13 14 | 14.4

Action                   |  1- 3 |  4- 6 |  7- 9 | 10-12 || total
-------------------------+-------+-------+-------+-------++-------
Melee: Hand axe          |     9 |     7 |    23 |       ||    39
       Headbutt          |     2 |     2 |    12 |    16 ||    32
       Executioner's axe |       |       |    21 |     3 ||    24
       Battleaxe         |       |       |    25 |    98 ||   123
Invok: Berserk           |     2 |     2 |     4 |     3 ||    11
       Burn Spellbooks   |       |     1 |       |       ||     1
       Brothers in Arms  |       |       |     1 |     3 ||     4
 Stab: Held in net/web   |       |       |       |     3 ||     3
       Distracted        |       |       |       |     1 ||     1
  Eat: Chunk             |       |     1 |     1 |     4 ||     6
       Ration            |       |     1 |     1 |     1 ||     3
Armor: Animal skin       |     1 |     1 |     6 |       ||     8
       Plate armour      |       |       |       |    49 ||    49
Dodge: Dodged            |     8 |     3 |    27 |    68 ||   106
